 Dungeon Crawl Stone Soup version 0.27-a0-978-g2aa4ecdaef (webtiles) character file.

Game seed: 14036545096344658021

33 leviel the Skirmisher (level 3, -16/33 HPs)
             Began as a Minotaur Fighter on Apr 14, 2021.
             Demolished by an ogre
             ... wielding a +0 giant club
              (26 damage)
             ... on level 3 of the Dungeon.
             The game lasted 00:01:12 (1285 turns).

leviel the Skirmisher (Minotaur Fighter)            Turns: 1285, Time: 00:01:13

Health: -16/33     AC:  8    Str: 21    XL:     3   Next: 12%
Magic:  2/2        EV:  7    Int:  5    God:
Gold:   79         SH:  9    Dex:  9    Spells: 2/2 levels left

rFire    . . .     SeeInvis .   a - +0 trident
rCold    . . .     Faith    .   c - +0 kite shield
rNeg     . . .     Spirit   .   b - +0 scale mail
rPois    .         Reflect  .   (helmet restricted)
rElec    .         Harm     .   (no cloak)
rCorr    .         Rampage  .   k - +0 pair of gloves
Will     .....                  (no boots)
Stlth    ..........             (no amulet)
HPRegen  0.11/turn              i - ring of flight
MPRegen  0.08/turn              (no ring)

@: mighty, flying
A: horns 2, retaliatory headbutt
a: no special abilities


You were on level 3 of the Dungeon.
You visited 1 branch of the dungeon, and saw 3 of its levels.

You collected 79 gold pieces.

Inventory:

Hand Weapons
 a - a +0 trident (weapon)
Armour
 b - a +0 scale mail (worn)
 c - a +0 kite shield (worn)
 k - a +0 pair of gloves (worn)
Jewellery
 i - a ring of flight (left hand)
Scrolls
 e - a scroll of enchant armour {unknown}
 j - 2 scrolls of vulnerability {unknown}
 l - a scroll of enchant weapon {unknown}
 m - a scroll of amnesia {unknown}
 n - a scroll of identify {unknown}
Potions
 d - a potion of might
 f - a potion of haste {unknown}
 g - a potion of brilliance {unknown}
 h - a potion of flight {unknown}


   Skills:
 + Level 4.1 Fighting
 + Level 3.1 Polearms
 + Level 4.0 Armour
 + Level 4.1 Shields


You had 2 spell levels left.
You didn't know any spells.
Your spell library was empty.

Dungeon Overview and Level Annotations

Branches:
Dungeon (3/15)

Altars:


Innate Abilities, Weirdness & Mutations

You have a pair of horns on your head.
You reflexively headbutt those who attack you in melee.


Message History

Where to? (Enter - D:2, ? - help)
What level of the Dungeon? (default 1, ? - help)
There is a stone staircase leading down here.
You fly downwards.
A hobgoblin comes into view.
There is a stone staircase leading up here.
A hobgoblin is nearby!
A hobgoblin is nearby!
You closely miss the hobgoblin. You headbutt the hobgoblin.
The hobgoblin is moderately wounded.
You block the hobgoblin's attack.
You puncture the hobgoblin!
You kill the hobgoblin!
No target in view!
No target in view!
No target in view!
No target in view!
No target in view!
No target in view!
No target in view!
No target in view!
You see here a hobgoblin corpse.
An ogre comes into view. It is wielding a +0 giant club.
The ogre shouts!
An ogre is nearby!
An ogre is nearby!
Found a flail.
You feel very mighty all of a sudden.
You hit the ogre.
The ogre is lightly wounded.
The ogre hits you with a +0 giant club!!
Ouch! That really hurt!
You are too injured to fight recklessly!
You are too injured to fight recklessly!
You are too injured to fight recklessly!
You hit the ogre. You headbutt the ogre!
The ogre is severely wounded.
The ogre hits you with a +0 giant club!!
Ouch! That really hurt!
You die...

#.#### .....# #
.....# #.
.....#
#.###.....#
...#.....#
...####.#O..).#
........@.....+
...###.###...#
#.# ... #.# .
#.# #.# #.# #.#
#.#


You could see an ogre.

Vanquished Creatures
  2 dart slugs
  3 ball pythons (D:2)
  4 endoplasms
  2 giant cockroaches
  3 hobgoblins
  3 jackals (D:2)
  2 kobolds (D:1)
  A quokka (D:1)
  A bat (D:2)
  5 rats
26 creatures vanquished.

Notes
Turn   | Place    | Note
-------+----------+-------------------------------------------
     0 | D:1      | leviel the Minotaur Fighter began the quest for the Orb.
     0 | D:1      | Reached XP level 1. HP: 19/19 MP: 0/0
   294 | D:1      | Reached XP level 2. HP: 20/27 MP: 1/1
   911 | D:2      | Reached XP level 3. HP: 26/33 MP: 2/2
  1045 | D:2      | Found a faded altar of an unknown god.
  1280 | D:3      | Noticed an ogre
  1285 | D:3      | Demolished by an ogre

Illustrated notes

Levels and vault maps discovered:
D:1:      onia_arrival_handbag, layout_loops_cross
D:2:      layout_rooms, shapermc_ecumenical_altar_venn, chequers_avenue
D:3:      layout_basic, minmay_misc_feat_rows, uniq_terence, uniq_sigmund

Skill      XL: |  1  2  3 |
---------------+----------+-----
Fighting       | 4 |  4.1
Polearms       | 3 |  3.1
Shields        | 4 |  4.1
Armour         | 4 |  4.0

Action                   || total
-------------------------++-------
Melee: Trident           ||    71
       Headbutt          ||     7
  Use: Potion            ||     1
Armor: Scale mail        ||    30
Dodge: Dodged            ||    15
Block: Kite shield       ||    33

Table legend: (Time is in decaauts)
 A = Elapsed time spent in this place.
 B = Non-inter-level travel time spent in this place.
 C = Inter-level travel time spent in this place.
 D = Time resting spent in this place.
 E = Time spent auto-exploring this place.
 F = Levels seen in this place.
 G = Mean time per level.
                   A        B        C        D        E       F      G
               +--------+--------+--------+--------+--------+-----+--------+
         Total |   1310 |   1280 |     30 |      0 |   1113 |   3 |  436.7 |
       Dungeon |   1310 |   1280 |     30 |      0 |   1113 |   3 |  436.7 |
               +--------+--------+--------+--------+--------+-----+--------+

Top non-repeatable levels by time:
     D:2: 677 daAuts
     D:1: 605 daAuts
     D:3: 27 daAuts
